Map: Moonlight Madness LE (Void)

Players

zelderan

  • Race: Zerg Zerg
  • League: Silver

에아리세 - Winner!

  • Race: Terran Terran
  • League: Silver

VOD

Have the link to the VOD?

Description

Time

  • Played on: Sept. 12, 2015, 1:24 p.m.
  • Length: 14:11
Show
View Real Time Build Order
Export as new Build Order

zelderan Zerg 

Build Orders: Hatch First 

Get SALT Encoding   

  12  0:01  Drone  
  13  0:08  Drone  
  14  0:17  Overlord  
  14  0:25  Drone, Extractor  
  15  0:35  Drone x2  
  17  0:47  Drone  
  18  0:59  Hatchery  
  17  1:10  Spawning Pool  
  16  1:12  Extractor  
  16  1:14  Drone  
  16  1:20  Drone  
  17  1:28  Drone x2  
  19  1:38  Overlord  
  19  1:57  Queen  
  19  1:58  Zergling x2  
  22  2:05  Drone  
  23  2:11  Queen  
  23  2:12  Drone  
  23  2:15  Metabolic Boost  
  26  2:19  Drone  
  27  2:23  Drone  
  27  2:25  Drone  
  29  2:34  Queen  
  31  2:40  Overlord  
  31  2:51  Drone  
  31  2:53  Drone  
  32  2:59  Zergling x6  
  35  3:08  Zergling x2  
  35  3:10  Roach Warren, Zergling x6  
  38  3:23  Zergling x4  
  38  3:24  Zergling x4  
  40  3:32  Zergling x4  
  42  3:36  Zergling x4  
  44  3:50  Overlord x2  
  44  3:51  Overlord  
  41  4:25  Drone x3  
  41  4:26  Drone x3  
  41  4:27  Queen  
  53  4:31  Roach x5  
  57  4:41  Roach x2  
  57  4:43  Lair  
  59  4:46  Extractor  
  55  4:56  Zergling x2  
  55  4:57  Zergling x6  
  56  5:00  Zergling x4  
  58  5:09  Spine Crawler  
  58  5:13  Roach  
  59  5:16  Zergling x2  
  60  5:32  Overlord x2  
  60  5:33  Overlord x2  
  60  5:42  Glial Reconstitution  
  60  5:47  Evolution Chamber, Overlord x2  
  60  5:48  Overlord, Drone  
  60  6:03  Ravager  
  61  6:06  Extractor  
  61  6:07  Drone  
  61  6:08  Drone x2  
  63  6:14  Queen  
  65  6:34  Zergling x12  
  65  6:35  Zergling x10  
  70  7:10  Roach x7  
  70  7:13  Zerg Missile Weapons Level 1  
  77  7:33  Zergling x6  
  77  7:34  Hatchery, Zergling x4  
  77  7:44  Baneling Nest, Zergling x6  
  77  7:45  Zergling x4  
  81  7:54  Spore Crawler  
  81  7:56  Spine Crawler  
  79  8:00  Zergling x10  
  82  8:18  Zergling x4  
  82  8:19  Zergling x4  
  55  8:27  Zergling x12  
  57  8:35  Zergling x2  
  54  8:43  Zergling x6  
  55  8:51  Hatchery  
  55  8:53  Overseer  
  55  8:55  Zergling x14  
  61  8:57  Baneling x4  
  61  9:07  Zergling x8  
  62  9:10  Zergling x2  
  62  9:13  Centrifical Hooks  
  60  9:19  Zergling x2  
  60  9:20  Zergling x4  
  60  9:24  Drone x2  
  65  9:29  Baneling x4  
  65  9:32  Drone  
  65  9:35  Drone  
  67  9:51  Drone x4  
  66  10:05  Zergling x2  
  66  10:06  Zergling x6  
  52  10:09  Burrow  
  52  10:11  Zergling x8  
  52  10:22  Zergling x4  
  52  10:23  Zergling x8  
  58  10:31  Queen  
  60  10:36  Zergling x2  
  60  10:37  Zergling x6  
  61  10:48  Zergling x10  
  61  10:49  Zergling x2  
  54  10:52  Zergling x2  
  54  10:53  Zergling x2  
  54  10:55  Baneling x2  
  54  10:57  Baneling  
  56  11:04  Zergling x4  
  54  11:06  Zergling x2  
  55  11:16  Zergling x4  
  55  11:17  Zergling x4  
  58  11:28  Zerg Melee Weapons Level 1  
  58  11:34  Overseer  
  58  11:37  Overseer  
  58  11:41  Zergling x6  
  58  11:42  Zergling x6  
  64  11:56  Hatchery  
  64  12:00  Zergling x2  
  64  12:01  Zergling x2  
  65  12:07  Baneling x6  
  65  12:19  Roach x3  
  71  12:23  Zergling x4  
  73  12:45  Hydralisk Den  
  73  12:48  Drone x6  
  73  12:49  Drone  
  79  12:55  Ravager  
  79  12:56  Ravager x2  
  79  12:58  Roach x2  
  86  13:01  Zergling x2  
  86  13:02  Zergling x2  
  88  13:09  Spore Crawler  
  65  13:35  Zergling x2  
  65  13:36  Zergling x16  
  65  13:40  Spore Crawler  
  71  13:47  Spore Crawler x2, Drone  
Show
View Real Time Build Order
Export as new Build Order

에아리세 Terran - Winner!

Build Orders: MMM Bio 

Get SALT Encoding   

  12  0:01  SCV  
  13  0:13  SCV  
  14  0:22  Supply Depot  
  14  0:25  Refinery  
  14  0:28  SCV  
  15  0:44  Barracks  
  15  0:54  Supply Depot  
  15  0:55  SCV  
  16  1:07  SCV  
  17  1:20  Barracks  
  18  1:25  SCV  
  18  1:40  Barracks Reactor  
  18  1:42  Barracks  
  18  1:51  Orbital Command  
  18  2:10  Reaper  
  19  2:16  Reaper x2  
  19  2:19  SCV  
  22  2:23  Refinery  
  22  2:29  Reaper  
  23  2:31  Barracks  
  23  2:36  Supply Depot  
  23  2:42  Reaper  
  24  2:58  Reaper  
  25  3:01  SCV  
  25  3:05  Reaper  
  27  3:07  Marine  
  28  3:14  Marine  
  29  3:25  Marine  
  30  3:33  Reaper x2  
  30  3:34  Reaper  
  33  3:54  Reaper x2  
  33  4:14  Reaper x2  
  31  4:20  Reaper  
  31  4:26  Command Center  
  31  4:28  Supply Depot, Barracks Tech Lab  
  31  4:36  Barracks  
  31  4:44  Marine  
  32  4:45  Marine  
  33  4:59  Marine  
  35  5:01  Barracks Tech Lab  
  35  5:02  Barracks Tech Lab, Marine  
  35  5:03  Stimpack, Marine  
  35  5:11  Factory  
  35  5:28  Barracks Tech Lab  
  35  5:29  Marauder  
  35  5:30  Marine, Marauder x2  
  35  5:31  Marine  
  35  5:34  SCV  
  44  5:39  Orbital Command  
  44  5:41  Refinery  
  44  5:51  Marauder  
  44  5:55  Marauder x2  
  50  6:04  Starport  
  50  6:06  SCV  
  51  6:20  Marauder  
  51  6:21  Marine, Marauder  
  51  6:23  SCV  
  57  6:35  SCV  
  57  6:36  Concussive Shells  
  57  6:37  Combat Shields  
  58  6:40  Starport Reactor  
  58  6:47  SCV  
  59  6:59  SCV  
  58  7:08  Marauder x2  
  57  7:11  SCV  
  58  7:17  Supply Depot  
  58  7:18  Medivac x2  
  58  7:21  Supply Depot  
  62  7:23  SCV  
  62  7:29  Supply Depot  
  63  7:35  SCV  
  64  7:47  Supply Depot  
  64  7:48  SCV  
  64  7:49  Marauder x4  
  73  8:00  SCV  
  74  8:06  Marine x2  
  74  8:10  Marauder x3  
  74  8:11  Marauder  
  62  8:31  Marauder  
  62  8:32  Marauder x3  
  61  8:37  Marine  
  61  8:38  Marine  
  57  8:53  Marauder x4  
  65  8:55  Marine x2  
  65  8:58  Refinery  
  66  9:12  Medivac x2  
  66  9:13  Command Center, Marine x2  
  66  9:14  Marine  
  66  9:15  Marine  
  66  9:16  Factory Tech Lab  
  74  9:17  SCV  
  74  9:24  Marine, Marauder  
  77  9:29  SCV  
  79  9:32  Marine  
  79  9:33  Marauder  
  82  9:41  SCV  
  82  9:42  Armory  
  83  9:53  SCV, Marine x2  
  83  9:55  Marine  
  83  9:57  Liberator  
  87  10:03  Liberator  
  87  10:05  SCV  
  81  10:14  Marauder x2  
  85  10:19  Marine x4  
  95  10:29  Orbital Command  
  95  10:49  Liberator  
  93  10:50  Liberator  
  93  11:08  Marauder  
  93  11:09  Marine x3, Marauder x2  
  108  11:15  Supply Depot  
  104  11:20  Barracks  
  104  11:24  SCV  
  104  11:25  Refinery  
  105  11:32  Liberator x2  
  105  11:36  SCV  
  106  11:46  Marauder x2  
  110  11:47  Marine x2  
  110  11:48  SCV  
  110  11:49  Supply Depot  
  119  12:00  SCV  
  120  12:02  Refinery  
  120  12:04  Siege Tank, Marine  
  124  12:13  SCV  
  125  12:25  SCV  
  126  12:33  Command Center  
  126  12:37  SCV  
  127  12:45  Marauder x4  
  127  12:46  Medivac x2  
  127  12:47  Siege Tank  
  142  12:52  SCV  
  143  12:58  Barracks Tech Lab  
  140  13:39  Marauder x3  
  140  13:40  Marine x2, Marauder x2  
Tags
 
Add a new tag
Caveats
  • Supply blocks, unpowered buildings, or Contaminate may cause inaccurate times.
  • Supply counts are checked every 10 seconds.